% Time on Ice - VANCOUVER VOODOO
Lines # - Real PCT - Wanted PCT - Time Play
Normal Forward
1 - 34% - 37% - 18:09
2 - 33% - 35% - 17:46
3 - 22% - 24% - 11:35
4 - 11% - 4% - 5:52
Normal Defense
1 - 34% - 39% - 18:00
2 - 33% - 38% - 17:33
3 - 31% - 23% - 16:37
4 - 2% - 0% - 1:12
PP Forward
1 - 38% - 53% - 1:46
2 - 62% - 47% - 2:53
PP Defense
1 - 60% - 53% - 2:48
2 - 40% - 47% - 1:51
PK Forward
1 - 75% - 60% - 1:29
2 - 25% - 40% - 0:30
PK Defense
1 - 61% - 53% - 1:13
2 - 39% - 47% - 0:46
PK3 Forward
1 - 0% - 55%
2 - 0% - 45%
PK3 Defense
1 - 0% - 52%
2 - 0% - 48%
44 Forward
1 - 0% - 51%
2 - 0% - 49%
44 Defense
1 - 0% - 52%
2 - 0% - 48%
Last Minute Offensive  - 0:00
Last Minute Defensive  - 0:00
Total
Forward - 60:00
Defense - 60:00
% Time on Ice - EDMONTON ICE
Lines # - Real PCT - Wanted PCT - Time Play
Normal Forward
1 - 35% - 36% - 18:33
2 - 30% - 33% - 16:15
3 - 24% - 24% - 13:03
4 - 10% - 7% - 5:31
Normal Defense
1 - 36% - 37% - 19:20
2 - 31% - 32% - 16:35
3 - 27% - 25% - 14:10
4 - 6% - 6% - 3:17
PP Forward
1 - 57% - 60% - 1:08
2 - 43% - 40% - 0:51
PP Defense
1 - 70% - 60% - 1:23
2 - 30% - 40% - 0:36
PK Forward
1 - 74% - 60% - 3:26
2 - 26% - 40% - 1:13
PK Defense
1 - 52% - 60% - 2:24
2 - 48% - 40% - 2:15
PK3 Forward
1 - 0% - 55%
2 - 0% - 45%
PK3 Defense
1 - 0% - 55%
2 - 0% - 45%
44 Forward
1 - 0% - 55%
2 - 0% - 45%
44 Defense
1 - 0% - 55%
2 - 0% - 45%
Last Minute Offensive  - 0:00
Last Minute Defensive  - 0:00
Total
Forward - 60:00
Defense - 60:00
Play-by-Play 1st period 0:01 of 1st period - Kirby Dach wins face-off versus Alex Tuch in neutral zone. 1:20 of 1st period - Shot by Rafael Harvey-Pinard. 1:20 of 1st period - Shot Misses the Net. 1:22 of 1st period - Shot by Joshua Norris. 1:22 of 1st period - Stopped by Vitek Vanecek with a rebound. 1:32 of 1st period - Shot by Rafael Harvey-Pinard. 1:32 of 1st period - Stopped by Vitek Vanecek without a rebound. 1:33 of 1st period - Christian Dvorak wins face-off versus Dawson Mercer in EDMONTON ICE zone. 1:36 of 1st period - Shot by Christian Dvorak. 1:36 of 1st period - Shot Misses the Net. 2:02 of 1st period - Evgeny Dadonov is hit by Braden Schneider. 2:32 of 1st period - Shot by Scott Laughton. 2:32 of 1st period - Shot Misses the Net. 2:49 of 1st period - Conor Garland is hit by Tanner Jeannot and loses puck. 3:37 of 1st period - Jack Eichel is hit by Braden Schneider and loses puck. 4:36 of 1st period - Shot by Rafael Harvey-Pinard. 4:36 of 1st period - Stopped by Vitek Vanecek without a rebound. 4:37 of 1st period - Thomas Novak wins face-off versus Kirby Dach in EDMONTON ICE zone. 4:42 of 1st period - Shot by Scott Laughton. 4:42 of 1st period - Shot Misses the Net. 4:49 of 1st period - Nicolas Roy is hit by Michael Matheson and loses puck. 5:36 of 1st period - Shot by Anthony Beauvillier. 5:36 of 1st period - Shot Misses the Net. 5:38 of 1st period - Shot by Dawson Mercer. 5:38 of 1st period - Shot Misses the Net. 5:52 of 1st period - Shot by Dawson Mercer. 5:52 of 1st period - Shot Misses the Net. 5:54 of 1st period - Shot by Jonas Brodin. 5:54 of 1st period - Stopped by Samuel Montembeault without a rebound. 5:55 of 1st period - Joshua Norris wins face-off versus Jack Eichel in VANCOUVER VOODOO zone. 5:55 of 1st period - Joshua Norris is hit by Jack Eichel. 6:18 of 1st period - Shot by Josh Anderson. 6:18 of 1st period - Stopped by Vitek Vanecek without a rebound. 6:19 of 1st period - Cody Glass wins face-off versus Dawson Mercer in EDMONTON ICE zone. 6:20 of 1st period - Shot by Josh Bailey. 6:20 of 1st period - Shot Misses the Net. 6:28 of 1st period - Shot by Anthony Beauvillier. 6:28 of 1st period - Shot Misses the Net. 6:30 of 1st period - Shot by Anthony Beauvillier. 6:30 of 1st period - Stopped by Samuel Montembeault without a rebound. 6:31 of 1st period - Scott Laughton wins face-off versus Joshua Norris in VANCOUVER VOODOO zone. 6:31 of 1st period - Scott Laughton is hit by Jordan Harris. 7:30 of 1st period - Alex Tuch is hit by Carson Soucy and loses puck. 7:45 of 1st period - Shot by Tomas Tatar. 7:45 of 1st period - Shot Misses the Net. 7:49 of 1st period - Shot by Alex Tuch. 7:49 of 1st period - Stopped by Samuel Montembeault without a rebound. 7:50 of 1st period - Nicolas Roy wins face-off versus Dawson Mercer in VANCOUVER VOODOO zone. 8:04 of 1st period - Off-side. 8:05 of 1st period - Cody Glass wins face-off versus Anton Lundell in neutral zone. 8:28 of 1st period - Icing by Nicolas Hague. 8:29 of 1st period - Jack Eichel wins face-off versus Cody Glass in VANCOUVER VOODOO zone. 8:53 of 1st period - Icing by Nathan Beaulieu. 8:54 of 1st period - Thomas Novak wins face-off versus Cody Glass in VANCOUVER VOODOO zone. 9:03 of 1st period - Shot by Thomas Novak. 9:03 of 1st period - Goal by Thomas Novak - VANCOUVER VOODOO : 0 - EDMONTON ICE : 1. 9:04 of 1st period - Thomas Novak wins face-off versus Kirby Dach in neutral zone. 9:11 of 1st period - Minor Penalty to Gustav Nyquist for Cross-checking. 9:12 of 1st period - Anton Lundell wins face-off versus Kirby Dach in EDMONTON ICE zone. 9:35 of 1st period - Shot by Conor Garland. 9:35 of 1st period - Shot Misses the Net. 9:37 of 1st period - Shot by Jonathan Drouin. 9:37 of 1st period - Deflect By Kirby Dach. 9:37 of 1st period - Shot Misses the Net. 9:39 of 1st period - Shot by Braden Schneider. 9:39 of 1st period - Shot Misses the Net. 9:47 of 1st period - Shot by Jonathan Drouin. 9:47 of 1st period - Shot Misses the Net. 9:49 of 1st period - Shot by Kirby Dach. 9:49 of 1st period - Shot Blocked by Jonas Brodin. 10:19 of 1st period - Zach Whitecloud is hit by Josh Anderson and loses puck. 11:01 of 1st period - Shot by Conor Garland. 11:01 of 1st period - Stopped by Vitek Vanecek without a rebound. 11:02 of 1st period - Scott Laughton wins face-off versus Christian Dvorak in EDMONTON ICE zone. 11:15 of 1st period - Shot by Christian Dvorak. 11:15 of 1st period - Stopped by Vitek Vanecek without a rebound. 11:16 of 1st period - Cody Glass wins face-off versus Thomas Novak in EDMONTON ICE zone. 11:19 of 1st period - Shot by Josh Bailey. 11:19 of 1st period - Deflect By Michael Pezzetta. 11:19 of 1st period - Stopped by Vitek Vanecek with a rebound. 11:23 of 1st period - Shot by Josh Bailey. 11:23 of 1st period - Shot Blocked by Michael Matheson. 11:25 of 1st period - Shot by Cody Glass. 11:25 of 1st period - Shot Misses the Net. 11:27 of 1st period - Shot by Josh Bailey. 11:27 of 1st period - Shot Misses the Net. 11:29 of 1st period - Shot by Josh Bailey. 11:29 of 1st period - Deflect By Cody Glass. 11:29 of 1st period - Shot Misses the Net. 12:13 of 1st period - Carson Soucy is hit by Jack Eichel and loses puck. 13:19 of 1st period - Shot by Nicolas Roy. 13:19 of 1st period - Shot Blocked by Anthony Beauvillier. 13:33 of 1st period - Shot by Dawson Mercer. 13:33 of 1st period - Shot Blocked by Nathan Beaulieu. 13:35 of 1st period - Shot by Evgeny Dadonov. 13:35 of 1st period - Stopped by Samuel Montembeault with a rebound. 13:55 of 1st period - Braden Schneider is hit by Tanner Jeannot and loses puck. 14:33 of 1st period - Icing by Jonathan Drouin. 14:34 of 1st period - Kirby Dach wins face-off versus Jack Eichel in VANCOUVER VOODOO zone. 14:44 of 1st period - Tomas Tatar is hit by Jonathan Drouin. 14:56 of 1st period - Ryan Graves is hit by Nicolas Roy and loses puck. 15:28 of 1st period - Anthony Beauvillier is hit by Nathan Beaulieu and loses puck. 15:48 of 1st period - Icing by Zach Whitecloud. 15:49 of 1st period - Joshua Norris wins face-off versus Dawson Mercer in EDMONTON ICE zone. 16:32 of 1st period - Shot by Thomas Novak. 16:32 of 1st period - Goal by Thomas Novak - VANCOUVER VOODOO : 0 - EDMONTON ICE : 2. 16:33 of 1st period - Jack Eichel wins face-off versus Conor Garland in neutral zone. 16:55 of 1st period - Minor Penalty to Jarred Tinordi for Tripping. 16:56 of 1st period - Anton Lundell wins face-off versus Joshua Norris in EDMONTON ICE zone. 16:56 of 1st period - Anton Lundell is hit by Josh Anderson. 17:50 of 1st period - Shot by Joshua Norris. 17:50 of 1st period - Shot Misses the Net. 17:52 of 1st period - Shot by Alexander Edler. 17:52 of 1st period - Shot Misses the Net. 17:54 of 1st period - Shot by Carson Soucy. 17:54 of 1st period - Deflect By Joshua Norris. 17:54 of 1st period - Stopped by Vitek Vanecek with a rebound. 17:56 of 1st period - Shot by Alexander Edler. 17:56 of 1st period - Stopped by Vitek Vanecek without a rebound. 17:57 of 1st period - Conor Garland wins face-off versus Anton Lundell in EDMONTON ICE zone. 18:18 of 1st period - Shot by Conor Garland. 18:18 of 1st period - Stopped by Vitek Vanecek with a rebound. 18:20 of 1st period - Shot by Nicolas Hague. 18:20 of 1st period - Shot Blocked by Zach Whitecloud. 18:49 of 1st period - Off-side. 18:50 of 1st period - Joshua Norris wins face-off versus Anton Lundell in neutral zone. 19:13 of 1st period - Shot by Josh Anderson. 19:13 of 1st period - Shot Misses the Net. 19:15 of 1st period - Shot by Carson Soucy. 19:15 of 1st period - Stopped by Vitek Vanecek with a rebound. 19:17 of 1st period - Shot by Rafael Harvey-Pinard. 19:17 of 1st period - Shot Misses the Net. 19:19 of 1st period - Shot by Rafael Harvey-Pinard. 19:19 of 1st period - Deflect By Joshua Norris. 19:19 of 1st period - Shot Misses the Net. Goals for this period are 0 for VANCOUVER VOODOO vs 2 for EDMONTON ICE. Shots for this period are 11 for VANCOUVER VOODOO vs 6 for EDMONTON ICE. 2nd period 0:01 of 2nd period - Christian Dvorak wins face-off versus Thomas Novak in neutral zone. 0:28 of 2nd period - Shot by Gustav Nyquist. 0:28 of 2nd period - Stopped by Samuel Montembeault with a rebound. 0:40 of 2nd period - Shot by Thomas Novak. 0:40 of 2nd period - Deflect By Gustav Nyquist. 0:40 of 2nd period - Shot Misses the Net. 0:42 of 2nd period - Shot by Ryan Graves. 0:42 of 2nd period - Stopped by Samuel Montembeault with a rebound. 1:03 of 2nd period - Shot by Jack Eichel. 1:03 of 2nd period - Shot Misses the Net. 1:40 of 2nd period - Icing by Conor Garland. 1:41 of 2nd period - Christian Dvorak wins face-off versus Dawson Mercer in VANCOUVER VOODOO zone. 1:41 of 2nd period - Christian Dvorak is hit by Anthony Beauvillier. 2:14 of 2nd period - Icing by Rafael Harvey-Pinard. 2:15 of 2nd period - Joshua Norris wins face-off versus Thomas Novak in VANCOUVER VOODOO zone. 2:25 of 2nd period - Shot by Rafael Harvey-Pinard. 2:25 of 2nd period - Goal by Rafael Harvey-Pinard - VANCOUVER VOODOO : 1 - EDMONTON ICE : 2. 2:26 of 2nd period - Thomas Novak wins face-off versus Kirby Dach in neutral zone. 2:53 of 2nd period - Shot by Gustav Nyquist. 2:53 of 2nd period - Shot Misses the Net. 3:30 of 2nd period - Jack Eichel is hit by Nathan Beaulieu and loses puck. 4:27 of 2nd period - Icing by Jonas Brodin. 4:28 of 2nd period - Cody Glass wins face-off versus Dawson Mercer in EDMONTON ICE zone. 4:28 of 2nd period - Cody Glass is hit by Zach Whitecloud. 4:37 of 2nd period - Icing by Dawson Mercer. 4:38 of 2nd period - Joshua Norris wins face-off versus Dawson Mercer in EDMONTON ICE zone. 4:38 of 2nd period - Joshua Norris is hit by Zach Whitecloud. 4:41 of 2nd period - Rafael Harvey-Pinard is hit by Zach Whitecloud and loses puck. 6:42 of 2nd period - Shot by Conor Garland. 6:42 of 2nd period - Shot Misses the Net. 6:44 of 2nd period - Shot by Christian Dvorak. 6:44 of 2nd period - Shot Misses the Net. 6:46 of 2nd period - Shot by Christian Dvorak. 6:46 of 2nd period - Stopped by Vitek Vanecek without a rebound. 6:47 of 2nd period - Evgeny Dadonov wins face-off versus Cody Glass in EDMONTON ICE zone. 7:01 of 2nd period - Shot by Michael Pezzetta. 7:01 of 2nd period - Shot Misses the Ne